 Dungeon Crawl Stone Soup version 0.29.1-12-g30fa7ad0bf (webtiles) character file.

Game seed: 14939821362272516255

477 wrenrar the Covered (level 6, 0/55 HPs)
             Began as a Minotaur Fighter on Jan 8, 2023.
             Was a Priest of Kikubaaqudgha.
             Succumbed to a water moccasin's poison
             ... on level 4 of the Dungeon.
             The game lasted 00:18:38 (3463 turns).

wrenrar the Covered (Minotaur Fighter)              Turns: 3463, Time: 00:18:38

Health: 0/55       AC:  7    Str: 23    XL:     6   Next: 85%
Magic:  5/5        EV: 10    Int: 11    God:    Kikubaaqudgha [***...]
Gold:   257        SH:  4    Dex:  9    Spells: 5/5 levels left

rFire   . . .      SeeInvis .   a - +1 flail
rCold   . . .      Faith    .   c - +0 buckler
rNeg    . . .      Spirit   .   b - +0 scale mail
rPois   +          Reflect  .   (helmet restricted)
rElec   .          Harm     .   (no cloak)
rCorr   .          Rampage  .   (no gloves)
Will    .....                   (no boots)
Stlth   ..........              (no amulet)
HPRegen 0.18/turn               k - ring of poison resistance
MPRegen 0.09/turn               j - +6 ring of intelligence

@: lethally poisoned (0 -> -5)
A: horns 2, retaliatory headbutt
a: Renounce Religion, Unearth Wretches


You were on level 4 of the Dungeon.
You worshipped Kikubaaqudgha.
Kikubaaqudgha was most pleased with you.
You visited 1 branch of the dungeon, and saw 4 of its levels.

You collected 257 gold pieces.

Inventory:

Hand Weapons
 a - a +1 flail (weapon)
Armour
 b - a +0 scale mail (worn)
 c - a +0 buckler (worn)
 p - a +0 cloak
Magical Staves
 e - a staff of death
Jewellery
 f - a ring of magical power
 j - a +6 ring of intelligence (right hand)
 k - a ring of poison resistance (left hand)
 o - a ring of flight
 q - a ring of flight
Wands
 l - a wand of charming (10)
Scrolls
 g - a scroll of blinking
 h - 3 scrolls of identify
 i - 2 scrolls of teleportation
 m - 3 scrolls of poison
Potions
 d - a potion of might
 n - a potion of flight


   Skills:
 + Level 4.9 Fighting
 - Level 4.0 Maces & Flails
 + Level 0.9(2.6) Staves
 * Level 6.2 Armour
 + Level 3.0 Dodging
 + Level 5.1 Shields


You had 5 spell levels left.
You didn't know any spells.
Your spell library contained the following spells:

 Spells                   Type           Power      Damage    Failure   Level
 Foxfire                  Conj/Fire      0%         2x1d4     71%         1
 Necrotise                Necr           0%         1d4       71%         1
 Sublimation of Blood     Necr           0%         N/A       85%         2
 Gell's Gravitas          Tloc           0%         N/A       97%         3
 Lesser Beckoning         Tloc           0%         N/A       97%         3
 Teleport Other           Tloc           0%         N/A       97%         3
 Vampiric Draining        Necr           0%         2d6       97%         3
 Animate Dead             Necr           0%         N/A       100%        4
 Corpse Rot               Necr/Pois/Air  0%         N/A       100%        4
 Dispel Undead            Necr           0%         3d6       100%        4
 Flame Wave               Conj/Fire      0%         2d4       100%        4
 Agony                    Necr           0%         N/A       100%        5
 Iskenderun's Battlesphe  Conj           0%         2d6       100%        5
 Death Channel            Necr           0%         N/A       100%        6
 Simulacrum               Ice/Necr       0%         N/A       100%        6


Dungeon Overview and Level Annotations

Branches:
Dungeon (4/15)
 Temple: D:4-7

Altars:
Kikubaaqudgha


Innate Abilities, Weirdness & Mutations

You have a pair of horns on your head.
You reflexively headbutt those who attack you in melee.


Message History

You feel very sick.
The water moccasin bites you but does no damage.
You hit the water moccasin.
Your headbutt misses the water moccasin.
The water moccasin is lightly wounded.
You feel sick. You block the water moccasin's attack.
The water moccasin bites you.
You are more poisoned.
The water moccasin poisons you!
You sock the water moccasin!
Your headbutt misses the water moccasin.
The water moccasin is heavily wounded.
You feel very sick. The water moccasin bites you. x2
You barely miss the water moccasin.
Your headbutt misses the water moccasin.
The water moccasin is heavily wounded.
* * * LOW HITPOINT WARNING * * *
You feel very sick. The water moccasin misses you.
The water moccasin bites you.
* * * LOW HITPOINT WARNING * * *
You hit the water moccasin. You headbutt the water moccasin!
You kill the water moccasin!
Kikubaaqudgha accepts your kill.
* * * LOW HITPOINT WARNING * * *
You feel very sick.
Your Armour skill increases to level 6!
Your Dodging skill increases to level 3!
Your Shields skill increases to level 5!
* * * LOW HITPOINT WARNING * * *
You feel sick.
You see here a water moccasin corpse.
You remove your ring of magical power.
You feel your magic capacity decrease.
* * * LOW HITPOINT WARNING * * *
You feel sick.
k - a ring of poison resistance (left hand)
* * * LOW HITPOINT WARNING * * *
You feel sick.
You die...
Kikubaaqudgha rasps: "You have failed me!
Welcome... death!"

##................#.##
#..##.#.#.#.###.......
#.##.######........###
#..## #.####..## ##..#
#.. ....# ##.# ##
######.## ##..# .# #
#.# #..###.#.$# #.
##..†@...# #########


There were no monsters in sight!

Vanquished Creatures
  A water moccasin (D:4)
  2 ogres (D:4)
  An orc wizard (D:3)
  7 adders
  An ufetubus (D:4)
  2 worms (D:3)
  4 dart slugs (D:1)
  3 orcs (D:3)
  7 bats
  6 endoplasms
  3 giant cockroaches
  2 goblins (D:1)
  12 hobgoblins
  6 jackals
  6 quokkas
  9 ball pythons
  5 frilled lizards
  6 kobolds
  12 rats
95 creatures vanquished.

Vanquished Creatures (others)
  3 plants (D:4)
3 creatures vanquished.

Grand Total: 98 creatures vanquished

Notes
Turn   | Place    | Note
-------+----------+-------------------------------------------
     0 | D:1      | wrenrar the Minotaur Fighter began the quest for the Orb.
     0 | D:1      | Reached XP level 1. HP: 19/19 MP: 0/0
    68 | D:1      | Reached XP level 2. HP: 26/27 MP: 1/1
   165 | D:1      | Reached skill level 4 in Armour
   217 | D:1      | Reached skill level 1 in Dodging
   217 | D:1      | Reached XP level 3. HP: 15/33 MP: 2/2
   382 | D:1      | Found a faded altar of an unknown god.
   442 | D:1      | Prayed at the altar of an unknown god.
   442 | D:1      | Became a worshipper of Kikubaaqudgha
   442 | D:1      | Reached * piety under Kikubaaqudgha
   442 | D:1      | Received a gift from Kikubaaqudgha
  1095 | D:2      | Reached XP level 4. HP: 40/40 MP: 3/3
  1221 | D:2      | Reached ** piety under Kikubaaqudgha
  1343 | D:2      | Got Xykhlics's Guide on the Mausoleum and Striking
  2439 | D:3      | Reached skill level 5 in Armour
  2439 | D:3      | Reached XP level 5. HP: 43/46 MP: 4/4
  2756 | D:3      | Reached *** piety under Kikubaaqudgha
  2756 | D:3      | Received a gift from Kikubaaqudgha
  3050 | D:4      | Noticed an ogre
  3105 | D:4      | Killed an ogre
  3106 | D:4      | Reached XP level 6. HP: 21/53 MP: 5/5
  3449 | D:4      | Noticed a water moccasin
  3459 | D:4      | Killed a water moccasin
  3460 | D:4      | Reached skill level 6 in Armour
  3460 | D:4      | Reached skill level 5 in Shields
  3461 | D:4      | HP: 2/55 [poisoned by a water moccasin]
  3463 | D:4      | Succumbed to a water moccasin's poison

Illustrated notes

Levels and vault maps discovered:
D:1:      lightli_arrival_flooded_house, layout_basic,
          hellmonk_ecumenical_altar_defaced_shrine, st_stairs_9
D:2:      layout_basic, minmay_pentomino_u2
D:3:      layout_basic
D:4:      kennysheep_the_goblin_king, layout_loops_corners,
          mainiacjoe_overflow_alcove_2, serial_forest,
          infiniplex_forest_straight_5, infiniplex_forest_straight_2,
          infiniplex_forest_side_room, infiniplex_forest_clump_large,
          infiniplex_forest_lined_3, infiniplex_forest_clump_curved,
          infiniplex_forest_end_1, minivault_25, minmay_small_thing

Skill      XL: |  1  2  3  4  5  6 |
---------------+-------------------+-----
Armour         | 4 5 6 |  6.2
Dodging        | 1 2 3 |  3.0
Shields        | 4 5 |  5.1
Maces & Flails | 3 4 |  4.0
Fighting       | 4 |  4.9
Staves         | |  0.9

Action                   |  1- 3 |  4- 6 || total
-------------------------+-------+-------++-------
Melee: Flail             |    72 |   114 ||   186
       Headbutt          |     7 |    11 ||    18
  Use: Scroll            |     1 |     5 ||     6
       Potion            |       |     4 ||     4
Armor: Scale mail        |    54 |    82 ||   136
Dodge: Dodged            |    59 |    96 ||   155
Block: Buckler           |    31 |    39 ||    70
